Map: Avalon Labs

Players

Grumm - Winner!

  • Race: Protoss Protoss
  • League: Gold

Lemanequinas - Winner!

  • Race: Protoss Protoss
  • League: Gold

Adonisto - Winner!

  • Race: Terran Terran

SirGonzo

  • Race: Zerg Zerg
  • League: Gold

USNicosia

  • Race: Protoss Protoss

BigDaddy

  • Race: Terran Terran

VOD

Have the link to the VOD?

Description

Time

  • Played on: Feb. 20, 2016, 12:34 a.m.
  • Length: 12:21
Show
View Real Time Build Order
Export as new Build Order

Grumm Protoss - Winner!

Build Orders: 1 Gate Expand, Oracle Opening 

Get SALT Encoding   

  12  0:01  Probe (Chrono Boost)  
  13  0:12  Probe (Chrono Boost)  
  14  0:18  Pylon  
  14  0:22  Probe (Chrono Boost)  
  15  0:37  Gateway  
  15  0:39  Probe (Chrono Boost)  
  16  0:44  Assimilator  
  16  0:50  Probe (Chrono Boost)  
  17  1:00  Probe (Chrono Boost)  
  18  1:21  Nexus  
  18  1:22  Probe (Chrono Boost)  
  19  1:37  Cybernetics Core  
  19  1:39  Probe (Chrono Boost)  
  20  1:44  Pylon  
  20  1:49  Probe (Chrono Boost)  
  20  1:54  Assimilator  
  21  2:01  Probe (Chrono Boost)  
  22  2:09  Pylon  
  22  2:20  Warp Gate (Chrono Boost)  
  22  2:26  Robotics Facility  
  22  2:48  Probe  
  22  2:53  Pylon  
  22  2:56  Stargate  
  22  3:00  Gateway  
  22  3:03  Pylon  
  22  3:08  Probe  
  23  3:17  Observer  
  24  3:24  Probe  
  24  3:25  Probe  
  26  3:36  Probe  
  26  3:37  Mothership Core  
  29  3:50  Probe  
  30  3:57  Oracle  
  30  3:59  Probe  
  30  4:00  Probe  
  35  4:07  Gateway  
  35  4:10  Forge  
  35  4:12  Probe (Chrono Boost)  
  36  4:17  Probe (Chrono Boost)  
  36  4:23  Probe (Chrono Boost)  
  38  4:27  Assimilator  
  38  4:29  Assimilator, Probe (Chrono Boost)  
  39  4:32  Pylon  
  39  4:34  Probe (Chrono Boost)  
  40  4:51  Probe (Chrono Boost)  
  41  5:13  Probe (Chrono Boost)  
  42  5:17  Probe (Chrono Boost)  
  42  5:19  Void Ray  
  47  5:21  Stalker  
  47  5:22  Stalker  
  47  5:23  Protoss Ground Weapons Level 1 (Chrono Boost)  
  47  5:24  Probe (Chrono Boost)  
  52  5:29  Twilight Council  
  52  5:32  Pylon  
  52  5:35  Probe (Chrono Boost)  
  50  5:43  Photon Cannon  
  50  5:47  Gateway  
  50  5:49  Gateway, Probe x2 (Chrono Boost)  
  52  5:51  Gateway  
  52  5:54  Pylon  
  52  5:55  Blink  
  52  5:59  Fleet Beacon  
  52  6:10  Stalker  
  54  6:13  Adept  
  56  6:20  Stalker  
  56  6:24  Probe x2  
  60  6:48  Void Ray  
  60  6:51  Observer  
  60  6:53  Probe  
  60  6:54  Probe  
  67  6:57  Nexus  
  67  6:59  Stargate  
  67  7:02  Pylon  
  67  7:05  Pylon  
  67  7:14  Pylon  
  67  7:27  Probe  
  68  7:34  Stalker x3  
  68  7:35  Stalker x2  
  68  7:36  Adept  
  80  7:45  Tempest  
  84  7:52  Photon Cannon  
  84  7:57  Photon Cannon  
  84  8:01  Pylon  
  84  8:10  Assimilator  
  84  8:13  Probe  
  84  8:14  Assimilator, Probe x2  
  84  8:19  Protoss Air Weapons Level 1  
  87  8:24  Protoss Shields Level 1 (Chrono Boost)  
  87  8:25  Stalker x2  
  87  8:26  Resonating Glaives  
  91  8:27  Probe  
  91  8:28  Probe  
  93  8:49  Probe x2  
  93  8:50  Probe  
  96  8:57  Dark Shrine  
  96  8:59  Pylon  
  96  9:01  Probe  
  96  9:02  Probe, Photon Cannon  
  97  9:03  Probe  
  99  9:10  Stalker x4  
  92  10:37  Stalker x2  
  92  10:38  Stalker x2  
  92  10:39  Stalker x2  
  92  10:41  Void Ray  
  92  10:42  Void Ray  
  112  10:43  Immortal  
  116  11:15  Probe  
  116  11:17  Stalker x4  
  116  11:18  Stalker x2  
  125  11:24  Void Ray  
Show
View Real Time Build Order
Export as new Build Order

Lemanequinas Protoss - Winner!

Build Orders: Oracle Opening 

Get SALT Encoding   

  12  0:02  Probe (Chrono Boost)  
  13  0:12  Probe (Chrono Boost)  
  14  0:18  Pylon  
  14  0:23  Probe (Chrono Boost)  
  15  0:36  Probe (Chrono Boost)  
  15  0:38  Gateway  
  16  0:47  Probe (Chrono Boost)  
  16  0:49  Assimilator  
  17  0:57  Probe (Chrono Boost)  
  17  1:01  Assimilator  
  18  1:08  Probe (Chrono Boost)  
  20  1:18  Probe (Chrono Boost)  
  20  1:25  Cybernetics Core  
  20  1:29  Probe (Chrono Boost)  
  21  1:39  Pylon, Probe (Chrono Boost)  
  22  1:50  Probe (Chrono Boost)  
  23  1:57  Pylon  
  23  2:00  Probe (Chrono Boost)  
  24  2:02  Stargate  
  24  2:11  Mothership Core (Chrono Boost)  
  26  2:25  Forge  
  26  2:28  Warp Gate (Chrono Boost)  
  27  2:30  Probe (Chrono Boost)  
  27  2:46  Oracle (Chrono Boost)  
  30  3:01  Probe  
  31  3:08  Nexus  
  31  3:17  Pylon  
  31  3:20  Pylon  
  31  3:22  Assimilator  
  31  3:26  Assimilator  
  31  3:28  Probe  
  32  3:39  Photon Cannon  
  32  4:35  Probe  
  33  4:38  Probe  
  34  4:46  Probe  
  34  4:51  Probe, Fleet Beacon  
  36  4:53  Stargate  
  36  4:54  Protoss Shields Level 1  
  36  4:56  Probe  
  36  4:58  Stargate  
  37  5:03  Probe  
  38  5:07  Probe  
  39  5:15  Probe  
  39  5:17  Probe  
  41  5:21  Protoss Air Weapons Level 1 (Chrono Boost)  
  41  5:26  Nexus  
  41  5:27  Probe  
  41  5:28  Probe  
  43  5:35  Assimilator  
  43  5:38  Probe  
  43  5:39  Assimilator, Probe  
  42  5:44  Pylon  
  42  5:49  Probe  
  42  5:51  Probe  
  44  6:00  Probe  
  44  6:02  Cybernetics Core, Carrier  
  44  6:03  Probe  
  52  6:15  Probe  
  53  6:26  Carrier  
  53  6:29  Carrier  
  65  6:34  Probe  
  65  6:39  Probe  
  66  6:45  Probe  
  68  6:49  Probe  
  69  6:55  Probe  
  69  7:00  Probe  
  70  7:02  Protoss Air Weapons Level 2 (Chrono Boost)  
  70  7:07  Protoss Air Armor Level 1 (Chrono Boost)  
  71  7:12  Probe  
  72  7:23  Twilight Council  
  72  7:24  Probe  
  72  7:29  Carrier  
  73  7:36  Probe  
  80  7:48  Probe  
  81  8:00  Probe  
  82  8:08  Carrier  
  82  8:12  Probe  
  89  8:24  Probe, Nexus  
  90  8:27  Assimilator  
  90  8:30  Assimilator  
  90  8:34  Protoss Shields Level 2 (Chrono Boost), Pylon  
  90  8:36  Probe  
  90  8:37  Pylon  
  91  8:51  Carrier  
  103  9:05  Carrier  
  109  9:16  Pylon  
  109  9:19  Pylon  
  109  9:21  Pylon  
  109  9:31  Pylon  
  109  9:33  Nexus  
  109  9:34  Tempest  
  109  9:37  Assimilator  
  113  9:38  Protoss Air Weapons Level 3  
  113  9:41  Assimilator, Protoss Air Armor Level 2  
  113  9:44  Pylon  
  113  9:45  Pylon  
  113  10:03  Graviton Catapult  
  113  10:17  Tempest  
  105  11:02  Probe x2  
  107  11:05  Probe  
  107  11:10  Tempest  
  124  11:13  Probe  
  124  11:14  Probe  
  124  11:16  Probe  
  127  11:23  Probe  
  128  11:26  Probe  
  128  11:27  Probe  
  130  11:34  Probe  
  130  11:35  Probe  
  130  11:37  Probe  
  130  11:38  Probe  
  134  11:44  Probe  
  135  11:47  Probe  
  135  11:48  Probe  
  135  11:50  Probe  
  135  11:51  Stargate  
  138  11:54  Stargate  
  138  11:55  Probe  
  138  11:57  Stargate  
  138  11:58  Probe  
  138  11:59  Probe  
  141  12:03  Stargate  
  141  12:06  Stargate, Probe  
Show
View Real Time Build Order
Export as new Build Order

Adonisto Terran - Winner!

Build Orders: Reaper Expand, MMM Bio 

Get SALT Encoding   

  12  0:01  SCV  
  13  0:13  SCV  
  14  0:19  Supply Depot  
  14  0:25  SCV  
  15  0:40  SCV  
  15  0:42  Barracks  
  16  0:45  Refinery  
  16  0:52  SCV  
  17  1:04  SCV  
  18  1:26  Command Center  
  18  1:34  Supply Depot  
  18  1:44  Orbital Command  
  18  1:48  Reaper  
  19  2:02  Barracks  
  19  2:12  SCV  
  20  2:25  Barracks Tech Lab  
  20  2:33  SCV  
  21  2:41  Barracks  
  21  2:51  SCV x2  
  22  2:53  Stimpack  
  23  3:03  SCV x2  
  24  3:15  SCV  
  24  3:18  Marauder  
  28  3:21  Barracks Reactor  
  28  3:22  Engineering Bay  
  28  3:23  Orbital Command  
  27  3:27  SCV  
  27  3:29  Barracks Tech Lab  
  27  3:33  Supply Depot  
  28  3:38  Refinery  
  28  3:39  SCV  
  29  3:51  SCV  
  30  3:56  Missile Turret  
  30  3:57  Missile Turret  
  30  3:59  Marine x2  
  30  4:00  Marauder  
  30  4:02  Combat Shields, Marauder  
  36  4:03  SCV  
  36  4:06  SCV  
  38  4:15  SCV  
  39  4:21  SCV  
  40  4:25  Marine x2  
  40  4:26  Marauder x2  
  40  4:27  SCV  
  47  4:33  SCV  
  47  4:35  Supply Depot  
  48  4:40  SCV  
  48  4:41  Terran Infantry Weapons Level 1  
  48  4:45  SCV  
  50  4:50  Factory, Marauder  
  50  4:52  SCV  
  53  4:56  Marauder  
  53  4:57  Marine x2, SCV  
  58  5:02  Supply Depot  
  58  5:08  SCV  
  58  5:09  Refinery  
  59  5:15  Marine x2  
  61  5:24  Marauder x2  
  61  5:25  Supply Depot  
  61  5:28  SCV x2  
  67  5:36  Command Center  
  67  5:37  Starport  
  67  5:38  Factory Reactor  
  67  5:42  Concussive Shells  
  67  5:43  Marine x2  
  67  5:45  SCV  
  67  5:48  SCV  
  71  5:54  Marauder  
  71  5:57  Marauder, SCV  
  75  6:01  SCV  
  77  6:15  SCV  
  77  6:16  Refinery  
  78  6:21  Supply Depot x2  
  78  6:22  SCV  
  79  6:32  Barracks  
  79  6:33  Marauder, Marine x2  
  79  6:34  Marauder  
  79  6:35  Barracks  
  85  6:42  Medivac x2  
  85  6:45  Supply Depot x2  
  89  6:47  Orbital Command  
  89  6:51  Supply Depot, SCV  
  89  6:52  SCV  
  91  7:02  Marauder  
  91  7:03  Marauder, Marine x2  
  97  7:12  Medivac x2  
  101  7:17  Terran Infantry Armor Level 1  
  101  7:18  Armory  
  101  7:26  Marauder x2, Barracks Tech Lab, Barracks Reactor  
  101  7:27  Marine x2  
  107  7:44  Medivac x2, SCV x2  
  109  7:48  Marauder x2, Marine x2  
  109  7:49  Marauder  
  121  7:55  Engineering Bay  
  121  8:02  Orbital Command  
  121  8:09  Marauder, Marine x2  
  121  8:10  Marauder x2  
  129  8:14  Medivac x2  
  129  8:16  Supply Depot  
  129  8:17  Supply Depot  
  129  8:19  Supply Depot  
  133  8:33  SCV x3  
  136  8:45  SCV  
  137  8:51  Marauder  
  137  8:52  Medivac x2, Marauder  
  137  8:55  Refinery  
  140  8:58  Refinery  
  128  9:05  Terran Infantry Weapons Level 2  
  128  9:08  Marauder  
  128  9:09  Marine x2  
  129  9:10  Marine x2  
  129  9:13  Marauder x2  
  135  9:22  SCV  
  135  9:23  SCV x2  
  138  9:27  Command Center  
  138  9:32  Medivac x2  
  138  9:33  Marine x3  
  138  9:34  Marauder x2, Marine  
  138  9:35  Marauder  
  152  9:56  Marauder x2  
  149  10:11  Marauder  
  134  10:16  Marine  
  134  10:17  Marauder  
  123  10:32  Orbital Command, Marine  
  123  10:33  Marauder, Marine x3  
  123  10:34  Marine  
  117  10:39  Marauder  
  109  10:49  SCV x2  
  111  10:50  Marine  
  111  10:53  Marauder  
  111  10:54  Marauder  
  115  11:00  Marauder  
  117  11:09  SCV x3  
  120  11:22  Medivac, Marauder x3  
  120  11:23  Medivac, Marine x4  
  134  11:30  Starport  
  134  11:33  Barracks  
  134  11:37  Barracks  
  134  11:41  Marine x2  
  134  11:43  Marauder x2  
Show
View Real Time Build Order
Export as new Build Order

SirGonzo Zerg 

Build Orders: Hatch First, Lurkers 

Get SALT Encoding   

  12  0:03  Drone  
  13  0:13  Overlord  
  13  0:20  Drone  
  14  0:32  Drone x2  
  16  0:37  Drone  
  17  0:56  Drone  
  18  0:59  Drone  
  18  1:00  Hatchery  
  18  1:02  Extractor  
  17  1:08  Drone  
  18  1:20  Spawning Pool  
  18  1:21  Drone  
  18  1:31  Overlord  
  18  1:42  Drone  
  19  1:58  Drone  
  20  2:07  Drone  
  21  2:09  Queen  
  21  2:10  Metabolic Boost  
  21  2:12  Queen  
  21  2:14  Drone x2  
  27  2:27  Zergling x4  
  28  3:22  Drone x3  
  28  3:23  Drone x3  
  34  3:31  Lair  
  34  3:34  Hatchery  
  34  3:39  Evolution Chamber  
  34  3:40  Evolution Chamber  
  31  3:45  Overlord x2  
  31  3:46  Overlord  
  31  4:00  Spore Crawler  
  30  4:05  Spore Crawler  
  29  4:33  Zerg Ground Armor Level 1, Zerg Missile Weapons Level 1  
  29  4:39  Queen  
  29  4:40  Drone x3  
  29  4:41  Drone x5  
  29  4:42  Drone x5  
  44  4:49  Extractor x2  
  42  4:57  Extractor  
  41  5:01  Spore Crawler  
  40  5:10  Hydralisk Den  
  40  5:13  Drone x3  
  42  5:30  Drone x5  
  42  5:31  Drone x6  
  53  5:40  Infestation Pit  
  53  5:42  Roach Warren  
  51  5:43  Drone x3  
  51  5:48  Muscular Augments  
  53  6:23  Extractor  
  53  6:24  Overlord x5  
  53  6:25  Overlord x5, Extractor  
  52  6:32  Glial Reconstitution, Hive  
  51  6:34  Drone x2  
  51  6:35  Drone  
  51  6:37  Drone x3  
  57  6:41  Overseer x3  
  57  6:45  Zerg Missile Weapons Level 2  
  57  7:19  Lurker Den  
  57  7:20  Zerg Ground Armor Level 2  
  57  7:30  Hydralisk x4  
  57  7:31  Hydralisk x3  
  57  7:32  Hydralisk  
  73  7:59  Ultralisk Cavern  
  72  8:07  Hydralisk x4  
  72  8:08  Hydralisk x3  
  72  8:09  Hydralisk  
  88  8:30  Hatchery  
  73  9:00  Zergling x6  
  73  9:01  Zergling x12  
  73  9:02  Zergling x10  
  81  9:05  Queen  
  83  9:18  Queen  
  85  9:35  Hydralisk x3  
  85  9:39  Drone x2  
  77  9:51  Lurker x4  
Show
View Real Time Build Order
Export as new Build Order

USNicosia Protoss 

Build Orders: 1 Gate Expand, Colossus Rush 

Get SALT Encoding   

  12  0:04  Probe (Chrono Boost)  
  13  0:15  Pylon  
  13  0:32  Probe (Chrono Boost)  
  14  0:41  Gateway  
  14  0:44  Probe (Chrono Boost)  
  15  1:00  Assimilator  
  15  1:02  Probe (Chrono Boost)  
  16  1:26  Pylon  
  16  1:29  Nexus  
  16  1:33  Pylon  
  16  1:42  Pylon  
  16  1:55  Cybernetics Core  
  16  2:10  Assimilator  
  16  2:19  Assimilator, Pylon  
  16  2:23  Assimilator  
  16  2:33  Mothership Core (Chrono Boost)  
  18  2:42  Probe (Chrono Boost)  
  19  2:53  Probe (Chrono Boost)  
  20  3:08  Forge  
  20  3:10  Warp Gate (Chrono Boost)  
  20  3:17  Robotics Facility  
  20  3:22  Probe (Chrono Boost)  
  21  3:33  Probe (Chrono Boost)  
  22  3:38  Probe (Chrono Boost)  
  23  3:44  Probe  
  23  3:48  Probe  
  25  3:56  Probe  
  25  3:57  Photon Cannon  
  26  4:05  Observer  
  27  4:39  Photon Cannon  
  27  4:41  Probe  
  27  4:42  Probe  
  27  4:44  Photon Cannon  
  29  4:46  Robotics Bay  
  29  4:52  Probe (Chrono Boost)  
  29  4:55  Probe (Chrono Boost)  
  27  5:27  Pylon  
  27  5:30  Colossus  
  27  5:34  Protoss Ground Weapons Level 1 (Chrono Boost)  
  27  5:38  Extended Thermal Lance (Chrono Boost)  
  33  5:44  Probe  
  33  5:45  Probe  
  35  5:56  Probe  
  37  5:57  Probe  
  37  6:09  Probe x2  
  39  6:21  Probe  
  40  6:30  Probe  
  41  6:33  Probe  
  41  6:36  Disruptor  
  45  6:42  Probe  
  45  6:45  Probe  
  47  6:49  Gateway  
  47  6:53  Gateway  
  47  6:54  Probe  
  47  6:59  Probe  
  49  7:06  Probe  
  50  7:11  Gateway, Probe  
  51  7:15  Gateway  
  51  7:19  Probe  
  52  7:23  Probe  
  52  7:29  Protoss Ground Armor Level 1 (Chrono Boost)  
  53  7:31  Probe  
  53  7:34  Forge  
  53  7:36  Twilight Council  
  54  7:56  Nexus  
  54  7:57  Pylon  
  54  7:59  Stalker  
  56  8:16  Protoss Ground Weapons Level 2 (Chrono Boost)  
  56  8:22  Templar Archives  
  56  8:28  Colossus  
  62  8:43  Charge  
  62  8:51  Zealot x2  
  62  8:52  Zealot x2  
  70  8:58  Psionic Storm  
  70  9:00  Pylon  
  70  9:02  Pylon  
  70  9:04  Pylon  
  70  9:12  Probe  
  70  9:17  Probe x2  
  73  9:22  Probe  
  73  9:29  Probe x2  
  76  9:33  Probe  
  76  9:37  Pylon  
  77  9:41  Probe x2  
  77  9:44  Probe  
  80  9:53  Probe  
  80  9:54  Probe  
  64  10:24  Zealot x3  
  66  10:41  Colossus  
  42  11:01  High Templar x2  
  42  11:02  High Templar  
  48  11:05  Archon  
  48  11:07  Probe  
  49  11:16  Gateway  
  49  11:17  Gateway  
  49  11:18  Probe  
  49  11:20  Gateway  
  49  11:21  Gateway  
  49  11:24  Assimilator  
  50  11:29  Assimilator  
  50  11:31  Pylon, Nexus  
  50  11:33  Pylon x2  
  50  11:34  Pylon  
  50  11:35  High Templar x3, Pylon  
  50  11:37  Pylon  
  50  11:39  Archon x2  
  56  11:40  Pylon  
  56  11:42  Assimilator  
  56  11:46  Assimilator  
Show
View Real Time Build Order
Export as new Build Order

BigDaddy Terran 

Build Orders: Command Center First (CC) 

Get SALT Encoding   

  12  0:03  SCV  
  13  0:15  SCV  
  14  0:28  SCV  
  14  0:32  Supply Depot  
  15  1:04  Command Center, SCV  
  16  1:17  Barracks  
  16  1:35  Refinery  
  16  1:37  Refinery  
  16  1:52  SCV  
  17  2:04  Marine, SCV  
  18  2:20  Orbital Command, Refinery  
  18  2:22  Orbital Command  
  18  2:27  Marine  
  19  2:49  Marine  
  19  2:57  SCV x2  
  21  3:04  Factory  
  21  3:07  Marine  
  22  3:24  SCV x2  
  22  3:25  Marine  
  25  3:36  SCV x2  
  27  3:42  Marine  
  27  3:48  SCV  
  29  3:50  Starport, Factory Tech Lab  
  29  3:52  Starport, SCV  
  30  3:58  Factory  
  30  4:00  Marine, SCV  
  20  4:20  SCV x2  
  18  4:32  SCV  
  18  4:36  Viking  
  21  4:43  SCV  
  22  4:49  Viking  
  22  4:50  Factory Tech Lab  
  24  5:01  Engineering Bay  
  24  5:10  Starport Reactor  
  24  5:15  SCV x2  
  26  5:21  Armory  
  26  5:33  Marine  
  27  5:39  Starport Reactor  
  27  5:43  Missile Turret  
  27  5:45  Missile Turret  
  27  5:46  SCV x2  
  29  5:56  Missile Turret  
  29  5:58  SCV x2  
  31  6:06  Viking  
  31  6:10  SCV x2  
  35  6:14  Supply Depot  
  35  6:22  SCV x2  
  37  6:36  Viking x3  
  37  6:37  Supply Depot  
  43  6:42  SCV x2  
  43  6:43  Supply Depot  
  43  6:45  Terran Ship Weapons Level 1  
  45  6:59  Thor  
  51  7:06  SCV  
  51  7:07  Refinery, SCV  
  53  7:14  Viking  
  55  7:17  Viking, Marine  
  58  7:26  Viking  
  60  7:32  Missile Turret, SCV x2  
  60  7:35  Hi-Sec Auto Tracking  
  62  7:46  Supply Depot  
  62  7:50  Supply Depot  
  62  7:56  Armory  
  62  7:57  Viking  
  64  8:01  SCV x2  
  66  8:09  Viking  
  68  8:13  Supply Depot  
  68  8:29  Thor  
  74  8:35  Supply Depot  
  74  8:37  Marine  
  75  8:55  Marine  
  76  9:06  Thor  
  82  9:15  Terran Vehicle Weapons Level 1  
  82  9:19  Terran Infantry Weapons Level 1  
  82  9:23  Command Center  
  82  9:24  Barracks Tech Lab  
  82  9:31  Viking  
  84  9:39  Barracks  
  84  9:43  Barracks  
  84  9:47  Barracks  
  55  10:40  Viking x3  
  55  10:41  Viking  
  45  11:10  Viking  
  32  11:27  Marine  
  30  11:45  Marine  
  26  12:04  Barracks  
  26  12:06  Barracks  
Tags
 
Add a new tag
Caveats
  • Supply blocks, unpowered buildings, or Contaminate may cause inaccurate times.
  • Supply counts are checked every 10 seconds.